 Dungeon Crawl Stone Soup version 0.30.0-29-ga12c61a403 (webtiles) character file.

Game seed: 4644356802371550751

2694 croobank the Conjurer (level 9, -1/74 (83) HPs)
             Began as a Troll Conjurer on June 21, 2023.
             Was an Initiate of Qazlal.
             Slain by a wight
             ... wielding a +4 halberd
              (11 damage)
             ... on level 7 of the Dungeon.
             The game lasted 00:22:35 (6784 turns).

croobank the Conjurer (Troll Conjurer)              Turns: 6784, Time: 00:22:36

HP:   -1/74 (83)    AC:  4    Str: 23    XL:     9   Next: 38%
MP:   14/14         EV: 11    Int: 18    God:    Qazlal [......]
Gold: 299           SH:  0    Dex: 12    Spells: 8/16 levels left

rFire   . . .        e - +5 falchion
rCold   . . .        (no shield)
rNeg    . . .        u - +0 robe of Piati {Rampage +Blink Dex+4}
rPois   .            (helmet restricted)
rElec   .            (no cloak)
rCorr   .            (gloves unavailable)
SInv    .            (boots unavailable)
Will    .....        (no amulet)
Stlth   ++           c - +6 ring of strength
HPRegen 1.12/turn    a - ring of wizardry
MPRegen 0.14/turn

%: rampage, wizardry (x1)
@: about to teleport, heavily drained
A: large, unfitting armour, claws 3, regeneration 1, shaggy fur 1, tough skin 1
a: Renounce Religion, Evoke Blink


You were on level 7 of the Dungeon.
You worshipped Qazlal.
Qazlal was noncommittal.
You visited 2 branches of the dungeon, and saw 8 of its levels.

You collected 299 gold pieces.

Inventory:

Hand Weapons
 b - the +8 sling of the Nurturing Eel {freeze, rN++ Int-5}
   (You found it on level 3 of the Dungeon)

   Int:       It affects your intelligence (-5).
   rN:        It greatly protects you from negative energy.
 e - a +5 falchion (weapon)
 g - a +2 dagger of electrocution
 h - a +0 trident
 l - a +2 spear of flaming
 o - a +2 antimagic trident
 p - a +0 heavy war axe
 s - a +1 spear of venom
Armour
 u - the +0 robe of Piati (worn) {Rampage +Blink Dex+4}
   (You found it on level 5 of the Dungeon)

   Dex:       It affects your dexterity (+4).
   +Blink:    It lets you blink.
   Rampage:   It bestows one free step when moving towards enemies.
Jewellery
 a - a ring of wizardry (right claw)
 c - a +6 ring of strength (left claw)
Wands
 d - a wand of paralysis (7)
 i - a wand of digging (12)
Scrolls
 v - a scroll of identify
 w - a scroll of fear
 y - a scroll of noise {unknown}
Potions
 f - a potion of berserk rage {unknown}
 j - 2 potions of magic
 k - 2 potions of cancellation {unknown}
 m - a potion of haste {unknown}
 n - a potion of curing {unknown}
 q - 2 potions of heal wounds {unknown}
 r - 2 potions of mutation {unknown}
 t - a potion of invisibility {unknown}


   Skills:
 + Level 3.4 Fighting
 + Level 3.8 Dodging
 + Level 2.8 Stealth
 * Level 4.1 Spellcasting
 * Level 5.6 Conjurations
 + Level 2.1 Hexes
 + Level 2.4 Fire Magic
 + Level 1.1 Invocations


You had 8 spell levels left.
You knew the following spells:

 Your Spells              Type           Power      Damage    Failure   Level
a - Magic Dart            Conj           96%        1d7       1%          1
b - Searing Ray           Conj           48%        2d6       1%          2
c - Dazzling Flash        Conj/Hex       34%        N/A       3%          3
d - Scorch                Fire           24%        2d6       3%          2

Your spell library contained the following spells:

 Spells                   Type           Power      Damage    Failure   Level
 Cigotuvi's Dreadful Rot  Necr/Pois/Air  6%         N/A       9%          2
 Flame Wave               Conj/Fire      18%        2d7       11%         4
 Ignite Poison            Fire/Tmut/Pois 6%         N/A       12%         3
 Fulminant Prism          Conj/Hex       8%         3d6       12%         4
 Iskenderun's Mystic Bla  Conj/Tloc      13%        2d5       17%         4
 Freezing Cloud           Conj/Ice/Air   5%         6-21      56%         5
 Summon Cactus Giant      Summ           1%         N/A       100%        6


Dungeon Overview and Level Annotations

Branches:
Dungeon (7/15)             Temple (1/1) D:6

Altars:
Ashenzari
Cheibriados
Elyvilon
Gozag
Kikubaaqudgha
Makhleb
Nemelex Xobeh
Okawaru
Qazlal
Ru
Sif Muna
Trog
Uskayaw
Vehumet
Wu Jian
Xom
Yredelemnul
Zin
The Shining One

Shops:
D:2 (


Innate Abilities, Weirdness & Mutations

You are too large for most types of armour.
You have claws for hands.
Your natural rate of healing is unusually fast.
You are covered in fur. (AC +1)
You have tough skin. (AC +1)


Message History

A gnoll comes into view. It is wielding a +0 club.
You shoot a sling bullet.
The sling bullet closely misses the gnoll.
A wight comes into view. It is wielding a +0 great sword.
The gnoll hits you with a +0 whip!
A wight comes into view. It is wielding a +4 halberd.
The gnoll closely misses you.
You shoot a sling bullet. The sling bullet hits the gnoll.
The sling bullet freezes the gnoll.
You kill the gnoll!
Qazlal accepts your kill.
You shoot a sling bullet. The sling bullet hits the wight.
The wight is lightly damaged.
You shoot a sling bullet. The sling bullet hits the wight!
The wight is heavily damaged.
You shoot a sling bullet. The sling bullet hits the wight.
The wight is severely damaged.
A wight comes into view. It is wielding a +0 short sword.
The wight attacks as you move away! The wight hits you with a +3 war axe!
The wight attacks as you move away! The wight hits you with a +3 war axe!
The +8 sling of the Nurturing Eel {freeze, rN++ Int-5} stops glowing.
e - a +5 falchion (weapon)
The wight hits you with a +3 war axe!
You feel drained.
You closely miss the wight.
The wight is severely damaged.
The wight hits you with a +3 war axe!
You feel drained.
The wight hits you from afar with a +4 halberd!
You closely miss the wight. Your claw misses the wight.
The wight is severely damaged.
The wight hits you with a +3 war axe!
* * * LOW HITPOINT WARNING * * *
You feel drained. The wight barely misses you.
Okay, then.
As you read the scroll of teleportation, it crumbles to dust.
You feel strangely unstable. The wight hits you with a +3 war axe!
* * * LOW HITPOINT WARNING * * *
You feel drained.
* * * LOW HITPOINT WARNING * * *
The wight hits you from afar with a +4 halberd!
You die...

..# #. #.# .. #.# #. #.#
. ###.#.###.z ####
#...#z..... #..#
#...)g..... #..###
#.#..z#############..#8.
#....zz@..........#..#..
#################.#.....
#.#..... #.#.....
######.#.##8#
.........).###
.#......#.#...
#......#.#..)
#......#.#...


You could see 3 wights.

Vanquished Creatures
  A komodo dragon (D:5)
  A troll (D:7)
  Eustachio (D:4)
  A steam dragon (D:6)
  A water moccasin (D:6)
  2 orc warriors
  3 black bears (D:5)
  An ice beast (D:6)
  A phantom (D:5)
  A bullfrog (D:5)
  A scorpion (D:6)
  A wyvern zombie (D:5)
  2 water moccasin zombies (D:5)
  5 hounds
  A jelly (D:6)
  2 orc priests
  2 bullfrog skeletons (D:5)
  Jessica (D:3)
  Terence (D:3)
  2 iguanas (D:5)
  2 scorpion zombies (D:5)
  Natasha (D:3)
  4 orc wizards
  2 sleepcaps
  A killer bee zombie (D:5)
  2 hound zombies (D:5)
  A howler monkey zombie (D:5)
  8 adders
  8 gnolls
  A shadow imp (D:5)
  A white imp (D:6)
  An ufetubus (D:6)
  An adder zombie (D:5)
  2 worms (D:2)
  2 dart slugs
  27 orcs
  2 ball pythons
  4 bats
  3 endoplasms
  4 giant cockroaches
  6 goblins
  3 hobgoblins
  8 jackals
  3 kobolds
  3 quokkas
  3 frilled lizards
  6 rats
140 creatures vanquished.

Notes
Turn   | Place    | Note
-------+----------+-------------------------------------------
     0 | D:1      | croobank the Troll Conjurer began the quest for the Orb.
     0 | D:1      | Reached XP level 1. HP: 16/16 MP: 1/1
    39 | D:1      | Reached skill level 3 in Conjurations
   316 | D:1      | Reached XP level 2. HP: 24/24 MP: 3/3
   319 | D:1      | Learned a level 2 spell: Searing Ray
   689 | D:2      | Found Jofotaxi's Antique Weapon Emporium.
   708 | D:2      | Reached XP level 3. HP: 16/32 MP: 1/4
  1019 | D:2      | Identified the +3 ring mail of Wusynuaq {rElec Will+ Dex+3
                  | Stlth+}
  1586 | D:3      | Reached XP level 4. HP: 40/40 MP: 5/5
  1607 | D:3      | Reached skill level 1 in Fighting
  1790 | D:3      | Noticed Jessica
  1793 | D:3      | Killed Jessica
  1972 | D:3      | Reached XP level 5. HP: 48/48 MP: 3/7
  1975 | D:3      | Learned a level 2 spell: Scorch
  1979 | D:3      | Learned a level 3 spell: Dazzling Flash
  2113 | D:3      | Identified the +8 sling of the Nurturing Eel {freeze, rN++
                  | Int-5}
  2191 | D:3      | Noticed Natasha
  2201 | D:3      | Killed Natasha
  2274 | D:3      | Noticed Terence
  2296 | D:3      | Killed Terence
  2977 | D:4      | Reached XP level 6. HP: 52/55 MP: 6/8
  3104 | D:4      | Noticed Eustachio
  3107 | D:4      | Reached skill level 4 in Conjurations
  3695 | D:4      | Killed Eustachio
  3975 | D:5      | Entered Level 5 of the Dungeon
  4075 | D:5      | Reached XP level 7. HP: 47/65 MP: 4/10
  4297 | D:5      | Identified the +0 robe of Piati {Rampage +Blink Dex+4}
  4449 | D:5      | Noticed a komodo dragon
  4466 | D:5      | Killed a komodo dragon
  4467 | D:5      | Reached skill level 1 in Hexes
  4467 | D:5      | Reached skill level 1 in Fire Magic
  4467 | D:5      | Reached XP level 8. HP: 55/74 MP: 11/11
  4730 | D:5      | Reached skill level 5 in Conjurations
  5406 | D:6      | Found a broken altar of Ashenzari.
  5524 | D:6      | Reached XP level 9. HP: 81/81 MP: 13/13
  5627 | D:6      | Found a staircase to the Ecumenical Temple.
  5661 | Temple   | Entered the Ecumenical Temple
  5697 | Temple   | Became a worshipper of Qazlal Stormbringer
  5899 | D:6      | Found a snail-covered altar of Cheibriados.
  6391 | D:6      | Found a sacrificial altar of Ru.
  6512 | D:7      | Noticed a troll
  6526 | D:7      | Killed a troll
  6527 | D:7      | Reached skill level 1 in Invocations
  6630 | D:7      | Found a radiant altar of Vehumet.
  6784 | D:7      | Slain by a wight

Illustrated notes

Levels and vault maps discovered:
D:1:      ebering_trefoil_3fold, layout_basic
D:2:      layout_basic, serial_shops, shop, minmay_tromino_v4_c
D:3:      layout_basic, nicolae_elevator_lobby_asterisk, uniq_terence,
          uniq_jessica, uniq_natasha
D:4:      layout_rooms, uniq_eustachio
D:5:      layout_basic, serial_undead, serial_undead_d, serial_undead_b,
          serial_undead_e, serial_undead_a
D:6:      layout_layer_cave, mainiacjoe_overflow_catwalk,
          mainiacjoe_overflow_swirl, minmay_temple_entry_waves
D:7:      layout_basic, mainiacjoe_overflow_alcove_2, serial_corexii_hall,
          chequers_hall_statues_y, chequers_hall_statues_y, uniq_prince_ribbit1
Temple:   bh_familiar_temple

Skill      XL: |  1  2  3  4  5  6  7  8  9 |
---------------+----------------------------+-----
Conjurations   | 3 4 5 |  5.6
Fighting       | 1 2 3 |  3.4
Dodging        | 2 3 |  3.8
Spellcasting   | 2 3 4 |  4.1
Stealth        | 2 |  2.8
Hexes          | 1 2 |  2.1
Fire Magic     | 1 2 |  2.4
Invocations    | 1 |  1.1

Action                     |  1- 3 |  4- 6 |  7- 9 || total
---------------------------+-------+-------+-------++-------
  Melee: Unarmed           |   101 |    41 |       ||   142
         Punch             |     1 |       |       ||     1
         Trident           |       |    18 |       ||    18
         Dagger            |       |     4 |     4 ||     8
         Falchion          |       |       |     2 ||     2
   Fire: Sling             |       |    54 |   202 ||   256
   Cast: Magic Dart        |     4 |     5 |     6 ||    15
         Searing Ray       |     5 |    17 |    17 ||    39
  Evoke: Wand              |       |     2 |       ||     2
    Use: Scroll            |     4 |     5 |     2 ||    11
   Stab: Sleeping          |     4 |       |     1 ||     5
         Paralysed         |       |     4 |       ||     4
 Armour: Robe              |    35 |    38 |    44 ||   117
  Dodge: Dodged            |    41 |    75 |    89 ||   205
